PL
RICHARDSON CITY THUNDERCATS @ D.C. DIVIDED
08/22/2025
 
TOP OF THE 1ST
Richardson City Thundercats batting - Pitching for D.C. Divided : RHP Jon Dunn
Pitching: RHP Jon Dunn
Batting: RHB Joey Jones 0-0: Ball
1-0: Foul Ball, location: 2F
1-1: SOLO HOME RUN (Flyball, 8LXD) (Inside the Park)
Batting: LHB Carroll Martin 0-0: Called Strike
0-1: Ball
1-1: SINGLE (Popup, 4MD)
Batting: SHB Seishiro Nishimura Balk!
Carroll Martin to second
0-0: Ground out 5-3 (Groundball, 5S)
Carroll Martin to third
Batting: LHB Fernando Ramírez 0-0: Foul Ball, location: 2F
0-1: Ball
1-1: SINGLE (Flyball, 8LS)
Carroll Martin scores
Batting: RHB Javier Chávez 0-0: Called Strike
0-1: Ball
1-1: Swinging Strike
1-2: Strikes out swinging
Batting: LHB José Vargas 0-0: Foul Ball, location: 2F
0-1: Foul Ball, location: 2F
0-2: DOUBLE (Flyball, 7LM)
Fernando Ramírez to third
Batting: RHB Alden Wiley 0-0: Ball
1-0: Foul Ball, location: 2F
1-1: Fly out, F8 (Flyball, 8LM)
Top of the 1st over - 2 run(s), 4 hit(s), 0 error(s), 2 left on base; Richardson City 2 - D.C. 0
BOTTOM OF THE 1ST
D.C. Divided batting - Pitching for Richardson City Thundercats : LHP Alec Pittman
Pitching: LHP Alec Pittman
Batting: LHB Charles Mathes 0-0: Fly out, F7 (Line Drive, 7S)
Batting: RHB Lúcio López 0-0: Foul Ball, location: 2F
0-1: Ball
1-1: Called Strike
1-2: Strikes out swinging
Batting: RHB Wilfred McLaughlin 0-0: Ball
1-0: Called Strike
1-1: SOLO HOME RUN (Flyball, 89XD), Distance : 435 ft
Batting: RHB Mario Castillo 0-0: Ball
1-0: Ball
2-0: Ball
3-0: Called Strike
3-1: Ground out 5-3 (Groundball, 56)
Bottom of the 1st over - 1 run(s), 1 hit(s), 0 error(s), 0 left on base; Richardson City 2 - D.C. 1
TOP OF THE 2ND
Richardson City Thundercats batting - Pitching for D.C. Divided : RHP Jon Dunn
Batting: LHB Eduardo Álvarez 0-0: Called Strike
0-1: Foul Ball, location: 2F
0-2: Ball
1-2: Ground out 4-3 (Groundball, 4S)
Batting: SHB Mitch Qualtrough 0-0: Foul Ball, location: 2F
0-1: Ball
1-1: Ball
2-1: Foul Ball, location: 2F
2-2: SINGLE (Line Drive, 8LS)
Batting: RHB Joey Jones 0-0: Fly out, F9 (Flyball, 9S)
Batting: LHB Carroll Martin 0-0: Ball
1-0: Fly out, F4 (Line Drive, 4M)
Top of the 2nd over - 0 run(s), 1 hit(s), 0 error(s), 1 left on base; Richardson City 2 - D.C. 1
BOTTOM OF THE 2ND
D.C. Divided batting - Pitching for Richardson City Thundercats : LHP Alec Pittman
Batting: LHB Ray Sears 0-0: Called Strike
0-1: Ball
1-1: Foul Ball, location: 2F
1-2: Ball
2-2: Strikes out looking
Batting: RHB Cristo González 0-0: Ball
1-0: Ball
2-0: SINGLE (Line Drive, 9S)
Batting: LHB Brad Elmore 0-0: Called Strike
0-1: Ball
1-1: Fly out, F7 (Flyball, 7LS)
Batting: LHB Tony Dyer 0-0: Ball
1-0: Called Strike
1-1: Ball
2-1: Called Strike
2-2: Fly out, F7 (Flyball, 7)
Bottom of the 2nd over - 0 run(s), 1 hit(s), 0 error(s), 1 left on base; Richardson City 2 - D.C. 1
TOP OF THE 3RD
Richardson City Thundercats batting - Pitching for D.C. Divided : RHP Jon Dunn
Batting: SHB Seishiro Nishimura 0-0: Ball
1-0: Fly out, F7 (Flyball, 7)
Batting: LHB Fernando Ramírez 0-0: Called Strike
0-1: Ball
1-1: Swinging Strike
1-2: Foul Ball, location: 2F
1-2: Strikes out swinging
Batting: RHB Javier Chávez 0-0: Fly out, F9 (Flyball, 9)
Top of the 3rd over - 0 run(s), 0 hit(s), 0 error(s), 0 left on base; Richardson City 2 - D.C. 1
BOTTOM OF THE 3RD
D.C. Divided batting - Pitching for Richardson City Thundercats : LHP Alec Pittman
Batting: RHB Tony Romero 0-0: Swinging Strike
0-1: Foul Ball, location: 2F
0-2: Hit by Pitch
Batting: LHB Charles Mathes 0-0: Ball
1-0: Called Strike
Tony Romero is caught stealing 2nd base
1-1: Swinging Strike
1-2: Ball
2-2: Foul Ball, location: 2F
2-2: Strikes out swinging
Batting: RHB Lúcio López 0-0: Fly out, F9 (Line Drive, 9S)
Bottom of the 3rd over - 0 run(s), 0 hit(s), 0 error(s), 0 left on base; Richardson City 2 - D.C. 1
TOP OF THE 4TH
Richardson City Thundercats batting - Pitching for D.C. Divided : RHP Jon Dunn
Batting: LHB José Vargas 0-0: TRIPLE (Flyball, 8RXD)
Batting: RHB Alden Wiley 0-0: Ball
1-0: Ball
2-0: Foul Ball, location: 2F
2-1: SINGLE (Groundball, 56D)
José Vargas scores
Batting: LHB Eduardo Álvarez 0-0: Called Strike
0-1: Foul Ball, location: 2F
0-2: Fly out, F7 (Flyball, 7LM)
Batting: SHB Mitch Qualtrough 0-0: Ground out U3 (Groundball, 23)
Alden Wiley to second
Batting: RHB Joey Jones 0-0: Swinging Strike
0-1: Ball
1-1: SINGLE (Groundball, 56D)
Alden Wiley to third
Runner from 3rd tries for Home, SAFE, throw made home
Joey Jones to second
Batting: LHB Carroll Martin 0-0: Called Strike
0-1: Swinging Strike
0-2: Fly out, F3 (Popup, 3L)
Top of the 4th over - 2 run(s), 3 hit(s), 0 error(s), 1 left on base; Richardson City 4 - D.C. 1
BOTTOM OF THE 4TH
D.C. Divided batting - Pitching for Richardson City Thundercats : LHP Alec Pittman
Batting: RHB Wilfred McLaughlin 0-0: Ball
1-0: SINGLE (Line Drive, 7S)
Batting: RHB Mario Castillo 0-0: Ball
1-0: Ball
2-0: Ball
3-0: Base on Balls
Wilfred McLaughlin to second
Batting: LHB Ray Sears 0-0: Foul Ball, location: 2F
0-1: Ball
1-1: Reached via error on a dropped throw, E6
Wilfred McLaughlin to third
Mario Castillo to second
Batting: RHB Cristo González 0-0: Called Strike
0-1: Grounds into fielders choice 5-2 (Groundball, 5L)
Mario Castillo to third
Ray Sears to second
Batting: LHB Brad Elmore 0-0: Called Strike
0-1: Ball
1-1: Swinging Strike
1-2: Strikes out swinging
Batting: LHB Tony Dyer 0-0: Ball
1-0: Swinging Strike
1-1: Foul Ball, location: 2F
1-2: Strikes out swinging
Bottom of the 4th over - 0 run(s), 1 hit(s), 1 error(s), 3 left on base; Richardson City 4 - D.C. 1
TOP OF THE 5TH
Richardson City Thundercats batting - Pitching for D.C. Divided : RHP Jon Dunn
Batting: SHB Seishiro Nishimura 0-0: Called Strike
0-1: Ball
1-1: Called Strike
1-2: Foul Ball, location: 2F
1-2: Ball
2-2: Foul Ball, location: 2F
2-2: Foul Ball, location: 2F
2-2: Foul Ball, location: 2F
2-2: Ground out 5-3 (Groundball, 56D)
Batting: LHB Fernando Ramírez 0-0: Ball
1-0: Foul Ball, location: 2F
1-1: Swinging Strike
1-2: SINGLE (Line Drive, 34D)
Batting: RHB Javier Chávez 0-0: Swinging Strike
0-1: Ball
1-1: Called Strike
1-2: SINGLE (Groundball, 56D)
Fernando Ramírez to second
Batting: LHB José Vargas 0-0: Ball
1-0: SINGLE (Flyball, 3D)
Fernando Ramírez to third
Javier Chávez to second
Runner from 3rd tries for Home, SAFE, throw made home
Javier Chávez to third
José Vargas to second
Batting: RHB Alden Wiley 0-0: Ground out 5-3 (Groundball, 56)
Javier Chávez scores
Pitching: RHP Luis Fernández
Batting: LHB Eduardo Álvarez 0-0: Ball
1-0: Ball
2-0: Foul Ball, location: 2F
2-1: Swinging Strike
2-2: Strikes out swinging
Top of the 5th over - 2 run(s), 3 hit(s), 0 error(s), 1 left on base; Richardson City 6 - D.C. 1
BOTTOM OF THE 5TH
D.C. Divided batting - Pitching for Richardson City Thundercats : LHP Alec Pittman
Batting: RHB Tony Romero 0-0: Foul Ball, location: 2F
0-1: Ball
1-1: Called Strike
1-2: Ground out 5-3 (Groundball, 56)
Batting: LHB Charles Mathes 0-0: Called Strike
0-1: Ball
1-1: Ball
2-1: Ground out U3 (Groundball, 34S)
Batting: RHB Lúcio López 0-0: SINGLE (Line Drive, 8LS)
Batting: RHB Wilfred McLaughlin 0-0: Ball
Wild Pitch!
Lúcio López to second
1-0: Called Strike
1-1: Foul Ball, location: 2F
1-2: Foul Ball, location: 2F
1-2: Fly out, F8 (Flyball, 89D)
Bottom of the 5th over - 0 run(s), 1 hit(s), 0 error(s), 1 left on base; Richardson City 6 - D.C. 1
TOP OF THE 6TH
Richardson City Thundercats batting - Pitching for D.C. Divided : RHP Luis Fernández
Batting: SHB Mitch Qualtrough 0-0: Ball
1-0: Ball
2-0: Ball
3-0: Called Strike
3-1: Ground out 4-3 (Groundball, 4)
Batting: RHB Joey Jones 0-0: Called Strike
0-1: Ball
1-1: Ball
2-1: Foul Ball, location: 2F
2-2: Reaches on Catchers interference
Batting: LHB Carroll Martin 0-0: Ball
1-0: Ball
2-0: Ball
Wild Pitch!
Joey Jones to second
3-0: Base on Balls
Batting: SHB Seishiro Nishimura 0-0: SINGLE (Groundball, 56D)
Joey Jones to third
Carroll Martin to second
Runner from 3rd tries for Home, SAFE, throw made home
Batting: LHB Fernando Ramírez 0-0: Ball
1-0: Called Strike
1-1: Called Strike
1-2: Fly out, F8 (Flyball, 8RM)
Batting: RHB Javier Chávez 0-0: Called Strike
0-1: Swinging Strike
0-2: Strikes out swinging
Top of the 6th over - 1 run(s), 1 hit(s), 1 error(s), 2 left on base; Richardson City 7 - D.C. 1
BOTTOM OF THE 6TH
D.C. Divided batting - Pitching for Richardson City Thundercats : LHP Alec Pittman
Batting: RHB Mario Castillo 0-0: Ball
1-0: Foul Ball, location: 2F
1-1: Foul Ball, location: 2F
1-2: Ball
2-2: Ball
3-2: Strikes out looking
Batting: LHB Ray Sears 0-0: Called Strike
0-1: Called Strike
0-2: Foul Ball, location: 2F
0-2: Foul Ball, location: 2F
0-2: Ball
1-2: Ball
2-2: Fly out, F8 (Flyball, 8LD)
Batting: RHB Cristo González 0-0: Called Strike
0-1: Ball
1-1: Swinging Strike
1-2: Ball
2-2: Ball
3-2: Foul Ball, location: 2F
3-2: Base on Balls
Batting: LHB Brad Elmore 0-0: Ball
1-0: Ball
2-0: Called Strike
2-1: Ground out 6-3 (Groundball, 6S)
Bottom of the 6th over - 0 run(s), 0 hit(s), 0 error(s), 1 left on base; Richardson City 7 - D.C. 1
TOP OF THE 7TH
Richardson City Thundercats batting - Pitching for D.C. Divided : RHP Luis Fernández
Batting: LHB José Vargas 0-0: Ball
1-0: Ball
2-0: Foul Ball, location: 2F
2-1: Called Strike
2-2: Strikes out looking
Batting: RHB Alden Wiley 0-0: Called Strike
0-1: Ball
1-1: Ball
2-1: Called Strike
2-2: Foul Ball, location: 2F
2-2: Ball
3-2: Strikes out swinging
Batting: LHB Eduardo Álvarez 0-0: Called Strike
0-1: Foul Ball, location: 2F
0-2: Ball
1-2: Ball
2-2: Strikes out swinging, 2-3 out at first.
Top of the 7th over - 0 run(s), 0 hit(s), 0 error(s), 0 left on base; Richardson City 7 - D.C. 1
BOTTOM OF THE 7TH
D.C. Divided batting - Pitching for Richardson City Thundercats : LHP Alec Pittman
Batting: LHB Tony Dyer 0-0: Ball
1-0: Fly out, F3 (Popup, 3L)
Batting: RHB Tony Romero 0-0: Ball
1-0: SINGLE (Groundball, 56S) (infield hit)
Batting: LHB Charles Mathes 0-0: Ball
1-0: Called Strike
1-1: Foul Ball, location: 2F
1-2: Foul Ball, location: 2F
1-2: SINGLE (Line Drive, 8LS)
Tony Romero to second
Batting: RHB Lúcio López 0-0: Called Strike
0-1: Swinging Strike
0-2: 3-RUN HOME RUN (Flyball, 7D), Distance : 430 ft
Pitching: LHP Javier Ramírez
Batting: RHB Wilfred McLaughlin 0-0: Ball
1-0: Swinging Strike
1-1: Foul Ball, location: 2F
1-2: Ground out 6-3 (Groundball, 6)
Batting: RHB Mario Castillo 0-0: Fly out, F8 (Flyball, 8LS)
Bottom of the 7th over - 3 run(s), 3 hit(s), 0 error(s), 0 left on base; Richardson City 7 - D.C. 4
TOP OF THE 8TH
Richardson City Thundercats batting - Pitching for D.C. Divided : RHP Luis Fernández
Batting: SHB Mitch Qualtrough 0-0: SINGLE (Groundball, 3D)
Batting: RHB Joey Jones 0-0: Ball
1-0: Grounds into double play, 6-4-3 (Groundball, 6)
Batting: LHB Carroll Martin 0-0: Ball
1-0: Called Strike
1-1: Ball
2-1: Ball
3-1: Foul Ball, location: 2F
3-2: Strikes out looking
Top of the 8th over - 0 run(s), 1 hit(s), 0 error(s), 0 left on base; Richardson City 7 - D.C. 4
BOTTOM OF THE 8TH
D.C. Divided batting - Pitching for Richardson City Thundercats : LHP Javier Ramírez
Batting: LHB Ray Sears 0-0: Called Strike
0-1: Called Strike
0-2: Ground out U3 (Groundball, 34)
Batting: RHB Cristo González 0-0: Ball
1-0: Called Strike
1-1: Ground out 5-3 (Groundball, 56S)
Batting: LHB Brad Elmore 0-0: Foul Ball, location: 2F
0-1: Ball
1-1: Swinging Strike
1-2: Foul Ball, location: 2F
1-2: Ball
2-2: Foul Ball, location: 2F
2-2: Strikes out looking
Bottom of the 8th over - 0 run(s), 0 hit(s), 0 error(s), 0 left on base; Richardson City 7 - D.C. 4
TOP OF THE 9TH
Richardson City Thundercats batting - Pitching for D.C. Divided : RHP Luis Fernández
Pitching: RHP Gabriel Hidalgo
Batting: SHB Seishiro Nishimura 0-0: Called Strike
0-1: Ground out 4-3 (Groundball, 34)
Batting: LHB Fernando Ramírez 0-0: Swinging Strike
0-1: Foul Ball, location: 2F
0-2: Strikes out swinging
Batting: RHB Javier Chávez 0-0: Ball
1-0: Ball
2-0: Called Strike
2-1: Called Strike
2-2: Ball
3-2: SINGLE (Groundball, 6M) (infield hit)
Batting: LHB José Vargas 0-0: Called Strike
0-1: Called Strike
0-2: Ball
1-2: Strikes out swinging
Top of the 9th over - 0 run(s), 1 hit(s), 0 error(s), 1 left on base; Richardson City 7 - D.C. 4
BOTTOM OF THE 9TH
D.C. Divided batting - Pitching for Richardson City Thundercats : LHP Javier Ramírez
Pitching: RHP Dave Reed
Batting: LHB Tony Dyer 0-0: Foul Ball, location: 2F
0-1: Called Strike
0-2: Ball
1-2: Ball
2-2: Strikes out swinging
Batting: RHB Tony Romero 0-0: Ground out 5-3 (Groundball, 56)
Batting: LHB Charles Mathes 0-0: Ground out 4-3 (Groundball, 4)
Bottom of the 9th over - 0 run(s), 0 hit(s), 0 error(s), 0 left on base; Richardson City 7 - D.C. 4
Friday, December 30th, 2016 - OOTP Baseball 17.12 Build 75